 Dungeon Crawl Stone Soup version 0.24.1-8-ga250c9d538 (webtiles) character file.

Game seed: 1489225318413723961, levelgen mode: deterministic

119 Masnef the Chopper (level 5, -13/41 HPs)
             Began as a Formicid Fighter on Apr 30, 2020.
             Mangled by Crazy Yiuf
             ... wielding a +4 quarterstaff of chaos
              (17 damage)
             ... on level 2 of the Dungeon.
             The game lasted 00:04:42 (2383 turns).

Masnef the Chopper (Formicid Fighter)               Turns: 2383, Time: 00:04:42

Health: -13/41     AC:  6    Str: 20    XL:     5   Next: 23%
Magic:  5/5        EV:  7    Int:  9    God:
Gold:   74         SH:  9    Dex: 10    Spells: 4/4 levels left

rFire    . . .     SeeInvis +   a - +0 war axe
rCold    . . .     Gourm    .   c - +0 shield
rNeg     . . .     Faith    .   b - +0 scale mail
rPois    .         Spirit   .   (helmet unavailable)
rElec    .         Reflect  .   (no cloak)
rCorr    .         Harm     .   (no gloves)
MR       .....                  (no boots)
Stlth    ..........             (no amulet)
HPRegen  0.13/turn              (no ring)
MPRegen  0.09/turn              (no ring)

@: lightly drained
A: permanent stasis, dig shafts and tunnels, four strong arms, antennae 3
a: Dig, Shaft Self


You were on level 2 of the Dungeon.
You were very hungry.

You visited 1 branch of the dungeon, and saw 2 of its levels.

You collected 74 gold pieces.

Inventory:

Hand Weapons
 a - a +0 war axe (weapon)
Armour
 b - a +0 scale mail (worn)
 c - a +0 shield (worn)
 h - +0 gold dragon scales
Scrolls
 e - a scroll of remove curse {unknown}
 g - 3 scrolls of identify {unknown}
 i - 2 scrolls of teleportation {unknown}
 k - a scroll of amnesia {unknown}
 n - a scroll of blinking {unknown}
Potions
 d - a potion of might
 j - 3 potions of curing
 l - 3 potions of brilliance {unknown}
 m - a potion of cancellation {unknown}
 o - a potion of magic {unknown}
Comestibles
 f - 2 rations


   Skills:
 + Level 3.2(2.9) Fighting
 + Level 5.0(4.7) Axes
 + Level 3.2(2.9) Armour
 + Level 3.6(3.3) Shields


You had 4 spell levels left.
You didn't know any spells.
Your spell library was empty.

Dungeon Overview and Level Annotations

Branches:
Dungeon (2/15)

Altars:
Kikubaaqudgha

Annotations:
D:2 Crazy Yiuf


Innate Abilities, Weirdness & Mutations

You cannot be hasted, slowed, berserked, paralysed or teleported.
You can dig through walls and to a lower floor.
Your four strong arms can wield two-handed weapons with a shield.
You have a pair of large antennae on your head. (SInv)


Message History

Crazy Yiuf shouts!
Okay, then.
As you open the door, it creaks loudly!
You hit Crazy Yiuf but do no damage. You block Crazy Yiuf's attack.
You completely miss Crazy Yiuf.
Crazy Yiuf hits you with a +4 quarterstaff of chaos!
You feel drained.
You hit Crazy Yiuf.
Crazy Yiuf is lightly wounded.
Crazy Yiuf cries, "Mama high agre!"
Crazy Yiuf hits you with a +4 quarterstaff of chaos.
You barely miss Crazy Yiuf.
Crazy Yiuf is lightly wounded.
Crazy Yiuf says, "Tonal alas light!"
Crazy Yiuf hits you with a +4 quarterstaff of chaos!
Crazy Yiuf freezes you.
Crazy Yiuf hits you with a +4 quarterstaff of chaos!
* * * LOW HITPOINT WARNING * * *
You are electrocuted!
You die...

....#)..........#.........#......
....)...........#.......####.....
)####...........#.......# #.....
.)...##.####################.....
.....##.# #....... )....##.#
###....... .....##.##♣♣ ###
#......... .######....♣♣ ♣♣#..)#
#......... ....##......♣♣♣♣@g...#
#......... .............♣..♣#...#
#......... ............♣.♣♣♣ ###
#..###.### ........##♣♣♣♣♣ #..#
#.# ........# #..###.###
........################..'.#.##.
..........+...#...........#.#.###
###.#.###.#...............#.#.#..
###'#.......).(...............+..


You could see Crazy Yiuf.

Vanquished Creatures
  Robin (D:2)
  A gnoll (D:1)
  An adder (D:2)
  2 oozes (D:2)
  3 worms (D:2)
  4 dart slugs (D:1)
  3 leopard geckos
  A giant cockroach (D:1)
  20 goblins
  5 hobgoblins (D:2)
  A ball python (D:1)
  5 bats
  2 frilled lizards
  5 kobolds
  8 rats
62 creatures vanquished.

Notes
Turn   | Place    | Note
-------+----------+-------------------------------------------
     0 | D:1      | Masnef the Formicid Fighter began the quest for the Orb.
     0 | D:1      | Reached XP level 1. HP: 18/18 MP: 1/1
    91 | D:1      | Reached XP level 2. HP: 22/24 MP: 2/2
   140 | D:1      | Reached skill level 3 in Axes
   303 | D:1      | Reached XP level 3. HP: 27/29 MP: 3/3
   978 | D:1      | Reached skill level 4 in Axes
   978 | D:1      | Reached XP level 4. HP: 35/35 MP: 4/4
  1067 | D:2      | Found an ancient bone altar of Kikubaaqudgha.
  1548 | D:2      | Noticed Robin
  1573 | D:2      | Killed Robin
  1633 | D:2      | Reached XP level 5. HP: 33/41 MP: 5/5
  1896 | D:2      | Found a runed translucent door.
  1897 | D:2      | Noticed Crazy Yiuf
  1945 | D:2      | Reached skill level 5 in Axes
  1957 | D:2      | Found a faded altar of an unknown god.
  2383 | D:2      | Mangled by Crazy Yiuf

Levels and vault maps discovered:
D:1:      dpeg_arrival_pits, layout_loops_corners
D:2:      layout_basic, kiku_gazebo_pond_becter,
          chequers_ecumenical_altar_simple, uniq_crazy_yiuf_cottage, uniq_robin

Skill      XL: |  1  2  3  4  5 |
---------------+----------------+-----
Axes           | 3 4 5 |  5.0
Fighting       | |  3.2
Armour         | |  3.2
Shields        | |  3.6

Action                   |  1- 3 |  4- 6 || total
-------------------------+-------+-------++-------
Melee: War axe           |   100 |   108 ||   208
  Use: Potion            |       |     1 ||     1
  Eat: Chunk             |       |     4 ||     4
Armor: Scale mail        |    42 |    52 ||    94
Dodge: Dodged            |    40 |    36 ||    76
Block: Shield            |    53 |    48 ||   101
